 Dungeon Crawl Stone Soup version 0.24.1-14-gf8d2b509d9 (webtiles) character file.

Game seed: 11158910053960647140, levelgen mode: deterministic

129 rastmirit the Skirmisher (level 5, -16/37 HPs)
             Began as an Octopode Chaos Knight on May 10, 2022.
             Was a Plaything of Xom.
             Demolished by an ogre
             ... wielding a +0 giant club
              (23 damage)
             ... on level 3 of the Dungeon.
             The game lasted 00:11:16 (2025 turns).

rastmirit the Skirmisher (Octopode Chaos Knight)    Turns: 2025, Time: 00:11:16

Health: -16/37     AC:  1    Str: 11    XL:     5   Next: 12%
Magic:  5/5        EV: 14    Int: 15    God:    Xom [..*...]
Gold:   87         SH:  0    Dex: 12    Spells: 4/4 levels left

rFire    . . .     SeeInvis .   a - +0 spear (chaos)
rCold    . . .     Gourm    +   (no shield)
rNeg     . . .     Faith    .   (helmet restricted)
rPois    .         Spirit   .   i - amulet of the gourmand
rElec    .         Reflect  .   (no ring)
rCorr    .         Harm     .   (no ring)
MR       .....                  (no ring)
Stlth    +++.......             (no ring)
HPRegen  0.12/turn              (no ring)
MPRegen  0.09/turn              (no ring)
                                (no ring)
                                (no ring)

@: no status effects
A: almost no armour, stealthy swim, amphibious, 8 rings, constrict 8, camouflage
1, gelatinous body 1
a: Renounce Religion


You were on level 3 of the Dungeon.
You worshipped Xom.
You were a toy of Xom.
You were not hungry.

You visited 1 branch of the dungeon, and saw 3 of its levels.

You collected 87 gold pieces.

Inventory:

Hand Weapons
 a - a +0 spear of chaos (weapon)
Jewellery
 i - an amulet of the gourmand (around mantle)
Scrolls
 c - a scroll of magic mapping
 d - 8 scrolls of remove curse
Potions
 f - a potion of curing {unknown}
 g - a potion of berserk rage {unknown}
 h - a potion of ambrosia {unknown}
 j - a potion of heal wounds {unknown}
 l - 2 potions of lignification {unknown}
Comestibles
 b - 5 rations


   Skills:
 * Level 4.0 Fighting
 + Level 3.8 Polearms
 * Level 3.0 Dodging
 * Level 3.0 Stealth


You had 4 spell levels left.
You didn't know any spells.
Your spell library was empty.

Dungeon Overview and Level Annotations

Branches:
Dungeon (3/15)

Altars:

Annotations:
D:3 yogakurto's ghost, amateur NaEn


Innate Abilities, Weirdness & Mutations

You cannot wear most types of armour.
You are very stealthy in the water. (Stealth+)
You are amphibious.
You can wear up to eight rings at the same time.
You can use your tentacles to constrict eight enemies at once.
Your skin changes colour to match your surroundings (Stealth+).
Your rubbery body absorbs attacks. (AC +1, EV +1)


Message History

The ogre is moderately wounded.
The ogre barely misses you.
You hit the ogre. You drain the ogre. Your squeeze misses the ogre.
The ogre is heavily wounded.
The ogre hits you with the +11 dire flail of the Equinox {freeze, *Rage rElec rN++ Str+3}!!
* * * LOW HITPOINT WARNING * * *
The ogre freezes you.
* * * LOW HITPOINT WARNING * * *
Yogakurto's ghost misses you. Yogakurto's ghost closely misses you.
The ogre completely misses you.
There is a transporter here.
You enter the transporter and appear at another place.
The ogre misses you.
You hit the ogre but do no damage.
The ogre is almost dead.
The ogre hits you with a +0 giant club!!
Ouch! That really hurt!
You die...
Xom chortles!

#..##..#.....#
#..##..#(###.#
#.#..#O#©.##.###
#©$...O#...#....
#.#..#W#©(...$..
#..##..#.#######
#..##..#.#
#.#..#.#O#
#......#@#
########.# ####


You could see 3 ogres and yogakurto's ghost.

Vanquished Creatures
  A worker ant (D:2)
  4 adders (D:2)
  An ooze (D:2)
  A worm (D:2)
  2 dart slugs (D:2)
  3 leopard geckos (D:2)
  8 bats
  5 giant cockroaches (D:1)
  5 goblins
  2 hobgoblins (D:1)
  3 jackals (D:1)
  5 kobolds
  3 quokkas
  2 ball pythons
  3 frilled lizards
  8 rats
56 creatures vanquished.

Notes
Turn   | Place    | Note
-------+----------+-------------------------------------------
     0 | D:1      | rastmirit the Octopode Chaos Knight began the quest for the
                  | Orb.
     0 | D:1      | Reached XP level 1. HP: 16/16 MP: 1/1
   197 | D:1      | Reached XP level 2. HP: 19/21 MP: 2/2
   462 | D:1      | Reached skill level 1 in Stealth
   462 | D:1      | Reached XP level 3. HP: 26/26 MP: 3/3
   649 | D:1      | XOM: harmless Fire miscast
   784 | D:2      | Reached XP level 4. HP: 8/33 MP: 4/4
  1282 | D:2      | Found a faded altar of an unknown god.
  1479 | D:2      | Reached skill level 4 in Fighting
  1788 | D:2      | Reached XP level 5. HP: 33/37 MP: 5/5
  1950 | D:3      | XOM: stealth player
  1951 | D:3      | Found a transporter.
  1955 | D:3      | Noticed yogakurto's ghost (amateur NaEn)
  1956 | D:3      | Found a transporter.
  1956 | D:3      | Noticed an ogre
  1958 | D:3      | Identified the +11 dire flail of the Equinox {freeze, *Rage
                  | rElec rN++ Str+3}
  1958 | D:3      | Noticed an ogre
  1958 | D:3      | Noticed an ogre
  2009 | D:3      | XOM: harmless Erth miscast
  2025 | D:3      | Demolished by an ogre

Levels and vault maps discovered:
D:1:      saegor_arrival_miasma, layout_basic
D:2:      minmay_chambers_of_ones, layout_basic, first_ration,
          chequers_ecumenical_altar_grove
D:3:      layout_loops_ring, gammafunk_ghost_smash, portal_sewer_entry_d

Skill      XL: |  1  2  3  4  5 |
---------------+----------------+-----
Stealth        | 1 2 3 |  3.0
Fighting       | 4 |  4.0
Dodging        | 3 |  3.0
Polearms       | |  3.8

Action                   |  1- 3 |  4- 6 || total
-------------------------+-------+-------++-------
Melee: Spear             |    57 |    62 ||   119
       Constrict         |    13 |    16 ||    29
       Tentacles         |    10 |     8 ||    18
  Use: Scroll            |       |     5 ||     5
 Stab: Sleeping          |     6 |     6 ||    12
       Paralysed         |     2 |       ||     2
  Eat: Chunk             |       |     8 ||     8
Armor: Skin              |     2 |     4 ||     6
Dodge: Dodged            |    33 |    48 ||    81
